 Dungeon Crawl Stone Soup version 0.26.1-11-gd32895ea62 (webtiles) character file.

Game seed: 14531837718512423448

8109 infcreate the Covert (level 11, -3/62 HPs)
             Began as a Vampire Enchanter on Apr 20, 2021.
             Was a Priest of Dithmenos.
             Slain by a troll (5 damage)
             ... on level 10 of the Dungeon.
             The game lasted 00:50:12 (14250 turns).

infcreate the Covert (Vampire Enchanter)           Turns: 14250, Time: 00:50:12

Health: -3/62      AC:  5    Str:  7    XL:     11   Next: 5%
Magic:  13/18      EV: 18    Int: 19    God:    Dithmenos [***...]
Gold:   645        SH:  0    Dex: 17    Spells: 8/20 levels left

rFire    . . .     SeeInvis +   a - +1 dagger
rCold    + + +     Faith    .   (no shield)
rNeg     + + +     Spirit   .   y - +0 robe {rC+}
rPois    ∞         Reflect  .   i - +0 helmet
rElec    .         Harm     .   b - scarf {repulsion}
rCorr    .         Rampage  .   c - +0 pair of gloves
Will     +....                  F - +0 pair of boots Stlth **++++++++
                                A - amulet of the acrobat
HPRegen  0.00/turn              Q - ring of stealth
MPRegen  0.16/turn              Z - ring of wizardry

@: confusing touch, bloodless, wreathed by umbra, repel missiles
A: fangs 3, see invisible, unbreathing
a: Bat Form, Revivify, Renounce Religion, Shadow Step


You were on level 10 of the Dungeon.
You worshipped Dithmenos.
Dithmenos was most pleased with you.
You visited 2 branches of the dungeon, and saw 12 of its levels.

You collected 645 gold pieces.


Innate Abilities, Weirdness & Mutations

You do not regenerate when monsters are visible.
You are frail without blood (-20% HP).
You can heal yourself when you bite living creatures.
You are immune to poison.
You have razor-sharp teeth.
You have supernaturally acute eyesight. (SInv)
You can survive without breathing.


   Skills:
 + Level 4.7 Fighting
 * Level 8.6 Short Blades
 * Level 8.6 Dodging
 * Level 12.4 Stealth
 + Level 5.2 Spellcasting
 * Level 11.5 Hexes


You had 8 spell levels left.
You knew the following spells:

 Your Spells              Type           Power        Failure   Level
c - Corona                Hex            53%          1%          1
d - Tukima's Dance        Hex            48%          1%          3
e - Ensorcelled Hibernat  Hex/Ice        52%          1%          2
f - Dazzling Flash        Conj/Hex       52%          1%          3
t - Confusing Touch       Hex            48%          1%          3

Your spell library contained the following spells:

 Spells                   Type           Power        Failure   Level
 Inner Flame              Hex/Fire       26%          1%          3
 Animate Skeleton         Necr           10%          4%          1
 Apportation              Tloc           10%          4%          1
 Beastly Appendage        Tmut           10%          4%          1
 Foxfire                  Conj/Fire      20%          4%          1
 Summon Small Mammal      Summ           20%          4%          1
 Wereblood                Tmut           5%           8%          2
 Conjure Flame            Conj/Fire      5%           16%         3
 Spider Form              Tmut/Pois      2%           16%         3
 Ice Form                 Ice/Tmut       5%           43%         4
 Sticky Flame             Conj/Fire      5%           43%         4
 Blade Hands              Tmut           2%           77%         5
 Fireball                 Conj/Fire      2%           77%         5

Inventory:

Hand Weapons
 a - a +1 dagger (weapon)
Armour
 b - a scarf of repulsion (worn)
 c - a +0 pair of gloves (worn)
 i - a +0 helmet (worn)
 y - a +0 robe of cold resistance (worn)
 F - a +0 pair of boots (worn)
Jewellery
 A - an amulet of the acrobat (around neck)
 Q - a ring of stealth (left hand)
 Z - a ring of wizardry (right hand)
Wands
 o - a wand of polymorph (5)
 p - a wand of random effects (43)
 r - a wand of iceblast (31)
 x - a wand of enslavement (13)
 G - a wand of paralysis (10)
 I - a wand of flame (8)
Scrolls
 e - 9 scrolls of identify {@r1}
 f - 7 scrolls of remove curse {@r2}
 h - 3 scrolls of teleportation {@r4}
 k - a scroll of fear
 l - 2 scrolls of blinking
 m - 2 scrolls of immolation
 q - 3 scrolls of fog
 E - a scroll of amnesia
Potions
 d - 8 potions of curing {unknown}
 g - 4 potions of haste {unknown}
 n - 2 potions of flight
 s - 3 potions of lignification {unknown}
 t - 4 potions of ambrosia {unknown}
 u - 3 potions of might
 v - 3 potions of brilliance {unknown}
 w - a potion of magic {unknown}
 z - a potion of attraction {unknown}
 B - 2 potions of degeneration {unknown}
 C - a potion of berserk rage {unknown}
 H - 2 potions of resistance {unknown}

Dungeon Overview and Level Annotations

Branches:
Dungeon (11/15)            Temple (1/1) D:6             Orc (0/2) D:10
   Lair: D:8-11

Altars:
Ashenzari
Cheibriados
Dithmenos
Elyvilon
Fedhas
Gozag
Hepliaklqana
Kikubaaqudgha
Makhleb
Nemelex Xobeh
Okawaru
Qazlal
Ru
Sif Muna
Trog
Uskayaw
Vehumet
Wu Jian
Xom
Yredelemnul
Zin
The Shining One

Shops:
D:8 *   D:9 }

Portals:
Abyss: D:4

Annotations:
D:3 1 exclusion
D:4 2 transporters, Darold's ghost, amateur TrFi

........)..Y...#...............#
...............#...............#
.......).......#########.......#
...##'###....[.........#.......#
...#)...#..............#.......#
...#..†.#......Y.......#.......#
...#....#..#####.#####.#.......##
...#....#..#...#T#...#.#...)....#
...#....'..#...#@#...#.#.[......#
...######..#...#.#...#.##†▓▓▓...#
...........#...'.#...#..#.▓.▓▓▓.#
.....###...#...#.'...#..#[▓...▓.#
.#####.#...#...'.#####..#.'...▓.#
.#.....'...#####........#.▓...▓.#
.#.....#................#.▓...▓.#
##.....#...[............#.▓...▓.#
.......##################.▓...▓.#


You could see a yak and a troll.


Message History

The yak gores you!
* * * LOW HITPOINT WARNING * * *
Unknown command.
You feel much better. The yak gores you.
* * * LOW HITPOINT WARNING * * *
The troll misses you. The troll claws you but does no damage.
The troll completely misses you. The yak completely misses you.
The yak closely misses you. The yak misses you. The yak completely misses you.
The troll barely misses you. The troll closely misses you.
The troll misses you.
There is an open door, spattered with blood here.
You see here a +0 club.
Things that are here:
a +0 leather armour; a +0 morningstar
Casting: Confusing Touch (safe; 1% risk of failure)
Confirm with . or Enter, or press ? or * to list all spells.
Aiming: Ensorcelled Hibernation (safe; 1% risk of failure)
Press: ? - help, Shift-Dir - straight line, f - troll
Aim: a troll (umbra, chance to affect: 55%)
The troll resists with significant effort.
The troll bites you!
* * * LOW HITPOINT WARNING * * *
The troll barely misses you. The troll closely misses you.
Casting: Ensorcelled Hibernation (safe; 1% risk of failure)
Confirm with . or Enter, or press ? or * to list all spells.
Your hands begin to glow red.
The troll barely misses you. The troll claws you!
* * * LOW HITPOINT WARNING * * *
The troll claws you.
You die...

Skill      XL: |  1  2  3  4  5  6  7  8  9 10 |
---------------+-------------------------------+-----
Hexes          | 5 6 7 8 10 11 | 11.5
Short Blades   | 2 3 4 5 7 8 |  8.6
Stealth        | 5 6 7 9 10 12 | 12.4
Dodging        | 3 4 5 6 7 8 |  8.6
Fighting       | 1 2 3 4 |  4.7
Spellcasting   | 3 4 5 |  5.2

Action                   |  1- 3 |  4- 6 |  7- 9 | 10-12 || total
-------------------------+-------+-------+-------+-------++-------
Melee: Dagger            |    80 |   147 |   297 |   304 ||   828
       Bite              |     5 |     9 |    36 |    40 ||    90
 Cast: Corona            |    20 |     6 |     3 |     4 ||    33
       Ensorcelled Hiber |    14 |    44 |    83 |    63 ||   204
       Confusing Touch   |       |     9 |    27 |    41 ||    77
       Tukima's Dance    |       |     3 |     6 |     1 ||    10
       Dazzling Flash    |       |       |       |     2 ||     2
 Abil: Exsanguinate      |     1 |       |       |       ||     1
  Use: Scroll            |     1 |     4 |     5 |     3 ||    13
       Potion            |       |     1 |       |     2 ||     3
 Stab: Sleeping          |    14 |    33 |    69 |    41 ||   157
       Confused          |       |     9 |    31 |    39 ||    79
       Invisible         |       |       |       |     2 ||     2
Armor: Robe              |     6 |    18 |    32 |    19 ||    75
Dodge: Dodged            |    36 |    95 |   142 |   297 ||   570

Levels and vault maps discovered:
D:1:      wander_arrival_chamber, layout_rooms, minmay_misc_feat_x,
          chequers_serial_rivers_small_b
D:2:      layout_loops_ring, lemuel_doored_altar
D:3:      layout_loops_ring, bloody_makhleb, minmay_misc_feat_square, uniq_ijyb
D:4:      layout_loops_ring, gammafunk_ghost_abyssal_escape,
          minmay_misc_feat_chi
D:5:      layout_loops_ring, kennysheep_mini_moat, basic_altar
D:6:      layout_cave_pools, ashenzari_altar_1, kennysheep_mini,
          minmay_temple_entry_tees, uniq_edmund
D:7:      minmay_skewed_foursquare, layout_cave_pods, grunt_qazlal_sundering,
          uniq_pikel
D:8:      layout_cave_pools, serial_shops, shop, wad_dig_loot
D:9:      layout_loops_ring, minitemple, serial_shops, nicolae_shop_statue_plus
D:10:     layout_irregular_city, erik_orc_3
D:11:     layout_basic, lair_entry_dummy, serial_shops, shop, serial_ice,
          serial_ice_h, serial_ice_e, serial_ice_g, serial_ice_n, serial_ice_j,
          serial_ice_d, uniq_erica
Temple:   chequers_temple_sunken

Notes
Turn   | Place    | Note
-------+----------+-------------------------------------------
     0 | D:1      | infcreate the Vampire Enchanter began the quest for the
                  | Orb.
     0 | D:1      | Reached XP level 1. HP: 13/13 MP: 3/3
   701 | D:1      | Reached XP level 2. HP: 15/15 MP: 5/5
   704 | D:1      | Learned a level 2 spell: Ensorcelled Hibernation
  1677 | D:2      | Found a white marble altar of Elyvilon.
  1688 | D:2      | Reached XP level 3. HP: 20/20 MP: 3/6
  1946 | D:2      | Reached skill level 5 in Hexes
  1995 | D:2      | Reached skill level 2 in Short Blades
  1995 | D:2      | Reached skill level 5 in Stealth
  1995 | D:2      | Reached XP level 4. HP: 24/24 MP: 5/7
  2409 | D:3      | Reached skill level 3 in Dodging
  2614 | D:3      | Found a burning altar of Makhleb.
  3287 | D:3      | Reached skill level 1 in Fighting
  3296 | D:3      | Learned a level 3 spell: Confusing Touch
  3370 | D:3      | Noticed Ijyb
  3465 | D:2      | Killed Ijyb
  3466 | D:2      | Reached XP level 5. HP: 29/29 MP: 0/8
  3914 | D:3      | Reached skill level 3 in Short Blades
  4071 | D:3      | Reached skill level 6 in Stealth
  4180 | D:4      | Reached XP level 6. HP: 34/34 MP: 9/9
  4207 | D:4      | Reached skill level 6 in Hexes
  4403 | D:4      | Found a one-way gate to the infinite horrors of the Abyss.
  4403 | D:4      | Noticed Darold's ghost (amateur TrFi)
  4405 | D:4      | Found the +8 demon trident "Rift" {distort, reach+}
  4435 | D:4      | Found a transporter.
  4454 | D:4      | Found a transporter.
  4961 | D:5      | Entered Level 5 of the Dungeon
  4993 | D:5      | Learned a level 3 spell: Tukima's Dance
  5068 | D:5      | Reached skill level 4 in Dodging
  5112 | D:5      | Found a snail-covered altar of Cheibriados.
  5330 | D:5      | Reached XP level 7. HP: 20/39 MP: 8/11
  5396 | D:5      | Found a glowing golden altar of the Shining One.
  5682 | D:5      | Reached skill level 4 in Short Blades
  5682 | D:5      | Reached skill level 7 in Stealth
  5927 | D:6      | Reached skill level 3 in Spellcasting
  6117 | D:5      | Reached skill level 2 in Fighting
  6367 | D:6      | Reached skill level 7 in Hexes
  6436 | D:6      | Found a broken altar of Ashenzari.
  6457 | D:6      | Noticed Edmund
  6583 | D:6      | Killed Edmund
  6627 | D:6      | Reached skill level 5 in Dodging
  6627 | D:6      | Reached XP level 8. HP: 45/45 MP: 9/12
  6665 | D:6      | Reached skill level 8 in Stealth
  6862 | D:6      | Found a staircase to the Ecumenical Temple.
  6887 | Temple   | Entered the Ecumenical Temple
  7202 | D:6      | Reached skill level 5 in Short Blades
  7221 | D:6      | Found a shadowy altar of Dithmenos.
  7224 | D:6      | Became a worshipper of Dithmenos the Shadowed
  7800 | D:7      | Noticed Pikel
  7827 | D:7      | Found a stormy altar of Qazlal.
  8104 | D:7      | Reached skill level 8 in Hexes
  8674 | D:7      | Reached skill level 3 in Fighting
  8674 | D:7      | Reached skill level 9 in Stealth
  8723 | D:7      | Reached skill level 6 in Dodging
  9001 | D:8      | Reached XP level 9. HP: 50/50 MP: 14/14
  9043 | D:8      | Reached skill level 6 in Short Blades
  9252 | D:8      | Found Jedyshruah's General Store.
  9259 | D:8      | Noticed a two-headed ogre
  9269 | D:8      | Reached * piety under Dithmenos
  9316 | D:7      | Reached skill level 9 in Hexes
  9334 | D:7      | Killed a two-headed ogre
  9335 | D:7      | Reached skill level 10 in Stealth
  9335 | D:7      | Reached skill level 4 in Spellcasting
  9663 | D:8      | Learned a level 3 spell: Dazzling Flash
  9664 | D:9      | Found Suhozafa's Gadget Shop.
 10036 | D:9      | Reached skill level 7 in Dodging
 10262 | D:9      | Found an ornate altar of the Wu Jian Council.
 10262 | D:9      | Found a glowing silver altar of Zin.
 10263 | D:9      | Found a hide-covered altar of Uskayaw.
 10265 | D:9      | Found a shimmering blue altar of Sif Muna.
 10340 | D:9      | Reached skill level 7 in Short Blades
 10449 | D:9      | Reached skill level 10 in Hexes
 10572 | D:9      | Reached XP level 10. HP: 56/56 MP: 16/16
 10841 | D:10     | Entered Level 10 of the Dungeon
 10902 | D:9      | Reached skill level 4 in Fighting
 10902 | D:9      | Reached skill level 11 in Stealth
 11148 | D:10     | Reached ** piety under Dithmenos
 12205 | D:10     | Reached skill level 8 in Dodging
 12527 | D:10     | Reached skill level 8 in Short Blades
 12566 | D:10     | Killed Pikel
 12567 | D:10     | Reached skill level 5 in Spellcasting
 12567 | D:10     | Reached skill level 11 in Hexes
 12855 | D:10     | Found a staircase to the Orcish Mines.
 12865 | D:10     | Reached *** piety under Dithmenos
 12900 | D:10     | Reached skill level 12 in Stealth
 13263 | D:11     | Identified a scroll of acquirement
 13263 | D:11     | Acquired a scarf of repulsion
 14105 | D:10     | Reached XP level 11. HP: 57/62 MP: 14/18
 14229 | D:10     | HP: 1/62 [yak (13)]
 14250 | D:10     | HP: 2/62 [troll (12)]
 14250 | D:10     | Slain by a troll

Vanquished Creatures
  A two-headed ogre (D:7)
  Pikel (D:10)
  2 trolls
  A wraith (D:10)
  A wyvern (D:8)
  5 yaks (D:10)
  3 vampire mosquitoes
  2 wargs (D:10)
  Edmund (D:6)
  2 water moccasins
  4 orc warriors
  A hornet zombie (D:7)
  3 ice beasts
  2 phantoms
  An eye of draining (D:9)
  2 sky beasts
  4 lemures
  4 centaurs
  4 ogres
  A big kobold (D:10)
  2 bullfrogs
  A gnoll sergeant (D:8)
  3 scorpions
  5 killer bees (D:9)
  9 wights
  An electric eel (D:11)
  A howler monkey (D:11)
  2 quasits
  2 centaur zombies
  2 jellies
  2 bullfrog skeletons
  6 hounds
  A centaur skeleton (D:10)
  10 orc priests
  10 orc wizards
  Ijyb (D:2)
  An iguana (D:10)
  6 worker ants
  A killer bee zombie (D:8)
  A hound zombie (D:7)
  A hound skeleton (D:10)
  2 worker ant zombies (D:8)
  7 adders
  7 gnolls
  A howler monkey skeleton (D:8)
  3 shadow imps
  3 white imps
  An ufetubus (D:11)
  An ooze (D:2)
  An adder zombie (D:7)
  An adder skeleton (D:7)
  3 worms
  6 dart slugs
  6 leopard geckos
  39 orcs
  A ball python (D:2)
  6 bats
  10 giant cockroaches
  6 goblins
  6 hobgoblins
  16 jackals
  10 kobolds
  5 quokkas
  2 ball python skeletons
  A ball python zombie (D:5)
  4 frilled lizards (D:1)
  2 giant cockroach zombies (D:5)
  A jackal skeleton (D:7)
  A leopard gecko skeleton (D:6)
  3 rats
268 creatures vanquished.

Vanquished Creatures (collateral kills)
  4 ogres
  A quasit (D:11)
  A jackal (D:5)
6 creatures vanquished.

Grand Total: 274 creatures vanquished

Table legend: (Time is in decaauts)
 A = Elapsed time spent in this place.
 B = Non-inter-level travel time spent in this place.
 C = Inter-level travel time spent in this place.
 D = Time resting spent in this place.
 E = Time spent auto-exploring this place.
 F = Levels seen in this place.
 G = Mean time per level.
                   A        B        C        D        E       F      G
               +--------+--------+--------+--------+--------+-----+--------+
         Total |  14097 |  13295 |    802 |   3689 |   3681 |  12 | 1174.8 |
       Dungeon |  13810 |  13008 |    802 |   3689 |   3400 |  11 | 1255.5 |
        Temple |    286 |    286 |      0 |      0 |    280 |   1 |  286.0 |
               +--------+--------+--------+--------+--------+-----+--------+

Top non-repeatable levels by time:
    D:10: 2260 daAuts
     D:9: 1879 daAuts
     D:3: 1753 daAuts
     D:7: 1670 daAuts
     D:1: 1566 daAuts
     D:5: 1299 daAuts
     D:4: 839 daAuts
     D:6: 830 daAuts
     D:2: 824 daAuts
     D:8: 568 daAuts
    D:11: 317 daAuts
  Temple: 286 daAuts

Table legend:
 A = Non-vault XP
 B = Vault XP
 C = Vault XP percentage of total XP
 D = Non-vault monster count
 E = Vault monster count
 F = Vault count percentage of total count
                 A         B        C        D         E       F
            +---------+---------+-------+---------+---------+-------
      Total |    9963 |    1622 |  14.0 |     240 |      30 |  11.1
            +---------+---------+-------+---------+---------+-------
        D:1 |      38 |       0 |   0.0 |      18 |       0 |   0.0
        D:2 |      80 |      36 |  31.0 |      17 |       1 |   5.6
        D:3 |     214 |       0 |   0.0 |      27 |       0 |   0.0
        D:4 |     157 |       0 |   0.0 |       7 |       0 |   0.0
        D:5 |     481 |       0 |   0.0 |      26 |       0 |   0.0
        D:6 |     830 |     153 |  15.6 |      28 |       1 |   3.4
        D:7 |    1437 |     207 |  12.6 |      22 |       4 |  15.4
        D:8 |     601 |      16 |   2.6 |      11 |       1 |   8.3
        D:9 |    2411 |       0 |   0.0 |      36 |       0 |   0.0
       D:10 |    3047 |    1088 |  26.3 |      37 |      20 |  35.1
       D:11 |     667 |     122 |  15.5 |      11 |       3 |  21.4
            +---------+---------+-------+---------+---------+-------
